General information
- name: BNet
- type: Ladder team game (AT/RT)
- host: Battle.net
- saver: Rebuke[SkyNet]
map: FullScaleAssault
- players: 8
- length: 23:49
- speed: Fast
- version: 1.23 W3XP
- replay type: Public
» download(202 KB)
Players
team 1 (loser)
RichardNixon187 (
yellow | 71 APM | 1425 actions | 19:56)
3 Warden
2 Shadow Strike
1 Blink
2 Demon Hunter
1 Mana Burn
1 Evasion
» actions
| Assign group hotkey | 14 | |
| Basic commands | 45 | |
| Build / train | 43 | |
| ESC pressed | 11 | |
| Enter build submenu | 23 | |
| Enter hero's abilities submenu | 5 | |
| Right click | 762 | |
| Select / deselect | 292 | |
| Select group hotkey | 155 | |
| Use ability | 75 | |
1425 total
» units
» upgrades
» buildings
| Moon Well | 5 | |
| Hunter's Hall | 1 | |
| Ancient of War | 1 | |
| Altar of Elders | 1 | |
| Tree of Ages | 1 | |
| Tree of Life | 3 | |
| Ancient of Lore | 3 | |
| Ancient of Wonders | 1 | |
| Ancient Protector | 3 | |
19 total
» build order
00:27 Moon Well
01:58 Hunter's Hall
02:01 Ancient of War
02:07 Altar of Elders
02:10 Moon Well
03:03 Tree of Ages
03:24 Moon Well
05:38 Tree of Life
05:50 Ancient of Lore
06:26 Ancient of Lore
07:03 Ancient of Lore
07:45 Moon Well
07:46 Moon Well
08:07 Ancient of Wonders
12:14 Tree of Life
12:59 Ancient Protector
13:01 Ancient Protector
13:06 Ancient Protector
16:04 Tree of Life

»
Pete_Tong (
teal | 45 APM | 895 actions | 19:57)
4 Keeper of the Grove
2 Entangling Roots
2 Thorns Aura
» actions
| Assign group hotkey | 19 | |
| Basic commands | 126 | |
| Build / train | 58 | |
| ESC pressed | 1 | |
| Enter build submenu | 15 | |
| Enter hero's abilities submenu | 4 | |
| Right click | 202 | |
| Select / deselect | 369 | |
| Select group hotkey | 51 | |
| Use ability | 50 | |
895 total
» units
| Wisp | 16 | |
| Archer | 13 | |
| Glaive Thrower | 5 | |
| Hippogryph | 4 | |
| Dryad | 6 | |
44 total
» upgrades
| Strength of the Moon | 1 | |
| Improved Bows | 1 | |
| Hippogryph Taming | 1 | |
| Druid of the Claw Training | 1 | |
4 total
» buildings
| Moon Well | 5 | |
| Altar of Elders | 1 | |
| Ancient of War | 2 | |
| Hunter's Hall | 1 | |
| Tree of Ages | 1 | |
| Ancient of Wonders | 1 | |
| Ancient of Wind | 2 | |
| Ancient of Lore | 2 | |
| Tree of Eternity | 4 | |
| Tree of Life | 1 | |
20 total
» build order
00:31 Moon Well
00:44 Altar of Elders
00:59 Ancient of War
01:22 Moon Well
02:05 Moon Well
02:16 Ancient of War
02:42 Hunter's Hall
04:43 Moon Well
05:35 Tree of Ages
06:36 Ancient of Wonders
07:05 Moon Well
08:21 Ancient of Wind
08:22 Ancient of Wind
11:16 Ancient of Lore
11:55 Ancient of Lore
16:08 Tree of Eternity
16:09 Tree of Eternity
16:09 Tree of Eternity
18:07 Tree of Life
Craptice (
green | 57 APM | 1146 actions | 19:59)
5 Priestess of the Moon
3 Trueshot Aura
2 Searing Arrows
» actions
| Assign group hotkey | 27 | |
| Basic commands | 106 | |
| Build / train | 60 | |
| ESC pressed | 2 | |
| Enter build submenu | 16 | |
| Enter hero's abilities submenu | 6 | |
| Give item / drop item | 3 | |
| Right click | 343 | |
| Select / deselect | 256 | |
| Select group hotkey | 287 | |
| Use ability | 40 | |
1146 total
» units
| Wisp | 21 | |
| Archer | 17 | |
| Hippogryph | 7 | |
45 total
» upgrades
| Improved Bows | 1 | |
| Hippogryph Taming | 1 | |
2 total
» buildings
| Altar of Elders | 1 | |
| Moon Well | 6 | |
| Ancient of War | 2 | |
| Tree of Ages | 1 | |
| Ancient of Wonders | 1 | |
| Ancient of Wind | 2 | |
| Tree of Life | 2 | |
15 total
» build order
00:07 Altar of Elders
00:17 Moon Well
00:36 Ancient of War
01:25 Moon Well
03:01 Tree of Ages
03:56 Moon Well
04:23 Ancient of Wonders
05:31 Ancient of Wind
05:31 Ancient of Wind
05:38 Ancient of War
05:44 Moon Well
06:29 Moon Well
07:17 Moon Well
11:12 Tree of Life
16:00 Tree of Life
» items
| Dust of Appearance | 1 | |
| Scroll of Town Portal | 1 | |
| Scroll of Healing | 1 | |
3 total
team 2 (winner)

»
Rebuke[SkyNet] (
orange | 86 APM | 2039 actions | 23:49)
6 Blood Mage
2 Banish
2 Siphon Mana
2 Flame Strike
» actions
| Assign group hotkey | 79 | |
| Basic commands | 31 | |
| Build / train | 201 | |
| ESC pressed | 1 | |
| Enter build submenu | 99 | |
| Enter hero's abilities submenu | 6 | |
| Give item / drop item | 12 | |
| Remove unit from queue | 1 | |
| Right click | 637 | |
| Select / deselect | 444 | |
| Select group hotkey | 331 | |
| Use ability | 197 | |
2039 total
» units
| Peasant | 34 | |
| Goblin Shredder | 6 | |
| Goblin Zeppelin | 1 | |
| Gryphon Rider | 3 | |
44 total
» upgrades
| Masonry | 3 | |
| Lumber Harvesting | 2 | |
| Fragmentation Shards | 1 | |
| Gunpowder | 1 | |
| Flak Cannons | 1 | |
| Flying Machine Bombs | 1 | |
| Flare | 1 | |
| Barrage | 1 | |
| Storm Hammers | 1 | |
| Swords | 3 | |
| Cloud | 1 | |
| Armor | 1 | |
17 total
» buildings
| Farm | 9 | |
| Altar of Kings | 1 | |
| Lumber Mill | 11 | |
| Keep | 3 | |
| Town Hall | 5 | |
| Scout Tower | 90 | |
| Arcane Tower | 16 | |
| Blacksmith | 1 | |
| Guard Tower | 60 | |
| Castle | 3 | |
| Arcane Vault | 1 | |
| Workshop | 3 | |
| Cannon Tower | 8 | |
| Gryphon Aviary | 7 | |
218 total
» build order
00:20 Farm
00:35 Altar of Kings
00:50 Lumber Mill
00:56 Farm
01:54 Farm
03:50 Keep
03:58 Town Hall
03:59 Scout Tower
04:07 Town Hall
04:08 Scout Tower
04:38 Arcane Tower
04:46 Blacksmith
05:37 Scout Tower
05:38 Scout Tower
05:41 Scout Tower
05:42 Scout Tower
06:05 Guard Tower
06:05 Guard Tower
06:19 Guard Tower
06:59 Castle
07:41 Arcane Vault
07:49 Scout Tower
07:49 Scout Tower
07:52 Scout Tower
08:15 Scout Tower
08:16 Scout Tower
08:18 Scout Tower
08:25 Guard Tower
08:25 Guard Tower
08:29 Scout Tower
08:29 Scout Tower
08:46 Town Hall
08:52 Scout Tower
08:53 Scout Tower
08:54 Scout Tower
08:56 Scout Tower
08:59 Scout Tower
09:01 Scout Tower
09:13 Guard Tower
09:14 Scout Tower
09:15 Scout Tower
09:17 Guard Tower
09:17 Guard Tower
09:19 Scout Tower
09:21 Scout Tower
09:22 Scout Tower
09:34 Guard Tower
09:34 Guard Tower
09:46 Guard Tower
09:52 Guard Tower
09:53 Guard Tower
10:00 Lumber Mill
10:40 Scout Tower
10:40 Scout Tower
10:48 Guard Tower
10:48 Guard Tower
10:52 Scout Tower
10:55 Scout Tower
10:57 Lumber Mill
10:59 Scout Tower
11:02 Scout Tower
11:10 Guard Tower
11:10 Guard Tower
11:12 Scout Tower
11:13 Lumber Mill
11:16 Guard Tower
11:33 Guard Tower
11:34 Arcane Tower
11:35 Workshop
11:38 Scout Tower
11:40 Scout Tower
11:42 Scout Tower
11:42 Scout Tower
11:45 Arcane Tower
11:45 Arcane Tower
11:47 Scout Tower
11:49 Scout Tower
11:50 Scout Tower
12:01 Scout Tower
12:04 Scout Tower
12:06 Scout Tower
12:07 Scout Tower
12:08 Scout Tower
12:09 Scout Tower
12:10 Scout Tower
12:10 Scout Tower
12:15 Workshop
12:16 Workshop
12:24 Scout Tower
12:25 Scout Tower
12:27 Scout Tower
12:28 Scout Tower
12:29 Scout Tower
12:31 Scout Tower
12:32 Scout Tower
12:34 Scout Tower
12:34 Scout Tower
12:36 Guard Tower
12:37 Arcane Tower
12:38 Arcane Tower
13:03 Arcane Tower
13:05 Cannon Tower
13:06 Guard Tower
13:11 Cannon Tower
13:13 Guard Tower
13:15 Scout Tower
13:17 Scout Tower
13:30 Farm
13:31 Farm
13:32 Farm
13:33 Farm
13:34 Farm
13:38 Cannon Tower
13:39 Guard Tower
13:39 Guard Tower
13:45 Lumber Mill
13:48 Lumber Mill
13:51 Lumber Mill
13:52 Lumber Mill
13:54 Cannon Tower
13:55 Guard Tower
13:57 Guard Tower
14:03 Arcane Tower
14:04 Guard Tower
14:12 Lumber Mill
14:29 Lumber Mill
14:32 Cannon Tower
14:33 Guard Tower
15:36 Keep
15:38 Keep
15:41 Scout Tower
15:42 Scout Tower
15:42 Scout Tower
15:43 Scout Tower
15:44 Scout Tower
15:45 Scout Tower
15:47 Scout Tower
15:48 Scout Tower
15:49 Scout Tower
15:49 Scout Tower
15:58 Guard Tower
16:01 Guard Tower
16:03 Scout Tower
16:05 Scout Tower
16:06 Scout Tower
16:08 Scout Tower
16:09 Scout Tower
16:10 Scout Tower
16:11 Town Hall
16:14 Scout Tower
16:17 Town Hall
16:24 Guard Tower
16:36 Cannon Tower
16:37 Arcane Tower
16:40 Guard Tower
16:41 Guard Tower
16:43 Guard Tower
16:44 Guard Tower
16:53 Arcane Tower
16:54 Guard Tower
17:03 Cannon Tower
17:05 Guard Tower
17:06 Cannon Tower
17:18 Guard Tower
17:21 Lumber Mill
17:29 Scout Tower
17:30 Scout Tower
17:35 Guard Tower
17:42 Guard Tower
17:44 Scout Tower
17:45 Scout Tower
17:52 Scout Tower
17:53 Scout Tower
18:02 Arcane Tower
18:05 Scout Tower
18:06 Scout Tower
18:07 Scout Tower
18:07 Scout Tower
18:10 Castle
18:13 Castle
18:15 Guard Tower
18:23 Scout Tower
18:24 Scout Tower
18:25 Scout Tower
18:25 Scout Tower
18:26 Scout Tower
18:27 Arcane Tower
18:28 Arcane Tower
18:34 Gryphon Aviary
18:40 Guard Tower
18:51 Guard Tower
18:53 Gryphon Aviary
19:08 Guard Tower
19:31 Guard Tower
19:32 Guard Tower
19:33 Guard Tower
19:53 Gryphon Aviary
19:56 Gryphon Aviary
20:10 Guard Tower
20:10 Guard Tower
20:21 Guard Tower
20:39 Gryphon Aviary
20:41 Gryphon Aviary
20:44 Gryphon Aviary
20:47 Farm
20:56 Guard Tower
23:32 Guard Tower
» items
| Lesser Clarity Potion | 4 | |
| Healing Salve | 1 | |
| Scroll of Speed | 1 | |
| Staff of Teleportation | 1 | |
| Tome of Retraining | 1 | |
| Boots of Speed | 1 | |
| Scroll of Regeneration | 3 | |
| Ivory Tower | 16 | |
| Potion of Healing | 1 | |
| Potion of Mana | 1 | |
30 total
TruSt) (
red | 92 APM | 2189 actions | 23:48)
4 Warden
2 Fan of Knives
2 Blink
» actions
| Assign group hotkey | 300 | |
| Basic commands | 14 | |
| Build / train | 66 | |
| ESC pressed | 10 | |
| Enter build submenu | 35 | |
| Enter hero's abilities submenu | 4 | |
| Give item / drop item | 5 | |
| Right click | 1093 | |
| Select / deselect | 230 | |
| Select group hotkey | 309 | |
| Use ability | 122 | |
2189 total
» units
| Wisp | 40 | |
| Druid of the Claw | 3 | |
| Goblin Zeppelin | 2 | |
45 total
» upgrades
| Reinforced Hides | 1 | |
| Druid of the Claw Training | 2 | |
| Strength of the Wild | 1 | |
4 total
» buildings
| Altar of Elders | 1 | |
| Moon Well | 8 | |
| Tree of Ages | 3 | |
| Hunter's Hall | 2 | |
| Tree of Eternity | 3 | |
| Ancient of Lore | 5 | |
| Ancient of Wonders | 1 | |
| Ancient Protector | 11 | |
| Tree of Life | 2 | |
36 total
» build order
00:11 Altar of Elders
00:20 Moon Well
02:01 Tree of Ages
02:01 Tree of Ages
02:07 Moon Well
02:50 Moon Well
04:05 Hunter's Hall
04:39 Tree of Eternity
04:39 Tree of Eternity
04:39 Tree of Eternity
04:47 Moon Well
05:18 Ancient of Lore
05:20 Ancient of Lore
05:25 Ancient of Wonders
07:16 Ancient Protector
07:29 Ancient Protector
08:07 Ancient Protector
10:44 Tree of Life
15:20 Hunter's Hall
15:51 Moon Well
16:18 Tree of Life
17:19 Ancient Protector
17:20 Ancient Protector
17:23 Ancient Protector
17:39 Ancient Protector
18:20 Ancient Protector
18:51 Ancient Protector
19:50 Tree of Ages
20:26 Ancient Protector
20:37 Ancient Protector
21:35 Moon Well
21:37 Moon Well
21:42 Moon Well
23:09 Ancient of Lore
23:15 Ancient of Lore
23:18 Ancient of Lore
» items
| Boots of Speed | 1 | |
| Staff of Teleportation | 1 | |
| Lesser Clarity Potion | 2 | |
| Potion of Lesser Invulnerability | 1 | |
| Orb of Lightning | 1 | |
6 total
xpert589 (
pink | 125 APM | 2964 actions | 23:48)
5 Archmage
1 Summon Water Elemental
1 Brilliance Aura
3 Blizzard
4 Blood Mage
2 Flame Strike
2 Banish
3 Pit Lord
2 Rain of Fire
1 Howl of Terror
» actions
| Assign group hotkey | 47 | |
| Basic commands | 393 | |
| Build / train | 135 | |
| Enter build submenu | 46 | |
| Enter hero's abilities submenu | 12 | |
| Give item / drop item | 1 | |
| Right click | 628 | |
| Select / deselect | 656 | |
| Select group hotkey | 889 | |
| Use ability | 157 | |
2964 total
» units
| Peasant | 22 | |
| Footman | 13 | |
| Priest | 3 | |
| Sorceress | 3 | |
| Spell Breaker | 2 | |
| Knight | 3 | |
| Mortar Team | 7 | |
53 total
» upgrades
| Defend | 1 | |
| Masonry | 3 | |
| Lumber Harvesting | 2 | |
| Sorceress Training | 2 | |
| Priest Training | 2 | |
| Fragmentation Shards | 1 | |
| Gunpowder | 3 | |
| Plating | 2 | |
| Animal War Training | 1 | |
| Flare | 1 | |
| Magic Sentry | 1 | |
| Swords | 3 | |
| Control Magic | 1 | |
23 total
» buildings
| Altar of Kings | 2 | |
| Farm | 12 | |
| Barracks | 1 | |
| Scout Tower | 12 | |
| Arcane Tower | 4 | |
| Lumber Mill | 1 | |
| Town Hall | 3 | |
| Keep | 3 | |
| Guard Tower | 10 | |
| Arcane Vault | 1 | |
| Arcane Sanctum | 3 | |
| Blacksmith | 1 | |
| Castle | 1 | |
| Workshop | 1 | |
55 total
» build order
00:12 Altar of Kings
00:21 Farm
00:27 Barracks
00:51 Farm
01:36 Scout Tower
01:45 Farm
02:03 Arcane Tower
02:03 Arcane Tower
02:50 Farm
03:46 Farm
04:01 Lumber Mill
04:29 Farm
04:53 Scout Tower
04:54 Scout Tower
04:56 Scout Tower
04:58 Scout Tower
05:16 Town Hall
05:57 Keep
05:57 Keep
06:28 Guard Tower
06:47 Guard Tower
06:47 Guard Tower
06:49 Guard Tower
06:50 Arcane Tower
06:50 Arcane Tower
07:43 Arcane Vault
08:20 Arcane Sanctum
08:21 Arcane Sanctum
08:23 Blacksmith
08:26 Arcane Sanctum
08:52 Castle
08:57 Scout Tower
08:58 Scout Tower
09:12 Farm
09:15 Farm
09:30 Workshop
09:33 Farm
10:14 Farm
11:10 Altar of Kings
11:23 Farm
11:59 Farm
16:05 Town Hall
16:07 Town Hall
16:18 Scout Tower
16:20 Scout Tower
16:22 Scout Tower
16:25 Scout Tower
16:26 Scout Tower
16:59 Guard Tower
17:29 Guard Tower
17:30 Guard Tower
20:58 Guard Tower
» items
| Lesser Clarity Potion | 2 | |
| Scroll of Regeneration | 1 | |
| Scroll of Town Portal | 2 | |
| Potion of Healing | 2 | |
| Ivory Tower | 1 | |
| Scroll of Healing | 2 | |
| Boots of Speed | 1 | |
11 total

»
seseeda (
purple | 114 APM | 2712 actions | 23:48)
4 Blademaster
2 Wind Walk
2 Critical Strike
» actions
| Assign group hotkey | 24 | |
| Basic commands | 71 | |
| Build / train | 122 | |
| ESC pressed | 6 | |
| Enter build submenu | 12 | |
| Enter hero's abilities submenu | 5 | |
| Give item / drop item | 2 | |
| Right click | 1183 | |
| Select / deselect | 402 | |
| Select group hotkey | 763 | |
| Use ability | 122 | |
2712 total
» units
| Peon | 24 | |
| Troll Batrider | 23 | |
| Raider | 29 | |
76 total
» upgrades
| Ranged Weapons | 3 | |
| Liquid Fire | 1 | |
| Ensnare | 1 | |
| Pillage | 1 | |
| Melee Weapons | 2 | |
8 total
» buildings
| Altar of Storms | 1 | |
| Orc Burrow | 6 | |
| War Mill | 1 | |
| Voodoo Lounge | 1 | |
| Stronghold | 6 | |
| Fortress | 3 | |
| Beastiary | 3 | |
21 total
» build order
00:03 Altar of Storms
00:13 Orc Burrow
00:33 War Mill
00:58 Voodoo Lounge
02:32 Stronghold
02:32 Stronghold
02:32 Stronghold
02:59 Orc Burrow
04:57 Fortress
04:57 Fortress
04:59 Beastiary
05:00 Beastiary
05:34 Beastiary
05:38 Orc Burrow
08:23 Orc Burrow
13:26 Orc Burrow
16:27 Orc Burrow
» items
| Healing Salve | 5 | |
| Lesser Clarity Potion | 6 | |
| Scroll of Speed | 1 | |
12 total
Chat log
(00:07 / All) Rebuke[SkyNet]: myspace.com/tftsongs
(00:09 / All) Rebuke[SkyNet]: rofl haliarous
(00:25 / All) Rebuke[SkyNet]: ROFL HALAIROUS
(00:36 / All) RichardNixon187: hilarious
(00:43 / Allies) xpert589: sup guys
(00:44 / All) Rebuke[SkyNet]: hustearious
(00:47 / Allies) xpert589: foots to casters
(00:50 / Allies) seseeda: bats/wyv
(01:44 / All) Rebuke[SkyNet]: this shits epic
(02:57 / Allies) xpert589: red
(03:00 / Allies) xpert589: lil help expo?
(03:38 / All) Craptice: gaayyyy
(04:48 / Allies) xpert589: 100g anyone?
(04:50 / Allies) xpert589: for tech
(05:29 / All) RichardNixon187: lul
(05:31 / Allies) xpert589: yall okay?
(07:52 / Allies) xpert589: yo
(07:54 / Allies) xpert589: red has 0 units
(07:55 / Allies) xpert589: wtf?
(07:56 / Allies) xpert589: or towers
(08:03 / Allies) xpert589: gaurd
(08:04 / Allies) xpert589: AP
(08:06 / Allies) xpert589: or we fucked
(08:38 / Allies) xpert589: OMW
(08:41 / Allies) xpert589: HELP
(08:42 / Allies) xpert589: RED
(08:47 / Allies) xpert589: wtf
(08:49 / Allies) xpert589: u guys
(08:53 / Allies) TruSt): tower your base pink
(08:58 / Allies) xpert589: y
(09:00 / Allies) xpert589: 5 balista
(09:42 / Allies) TruSt): purp
(09:45 / Allies) TruSt): start towering your base or something
(10:32 / All) Craptice: f u
(12:01 / Allies) xpert589: wood plz
(12:02 / Allies) xpert589: for hero
(13:50 / Allies) TruSt): dont fight alone silly
(13:54 / Allies) xpert589: u left me
(13:55 / Allies) xpert589: nigger
(13:55 / Allies) xpert589: stfu
(13:57 / Allies) xpert589: noob
(13:59 / Allies) TruSt): haha
(14:09 / Allies) xpert589: ur so noob
(14:10 / Allies) xpert589: no rax
(14:11 / Allies) xpert589: at all
(14:13 / Allies) xpert589: straight t3
(14:16 / Allies) xpert589: on rush expo map
(14:17 / Allies) TruSt): ^^
(14:21 / Allies) xpert589: noob
(16:24 / Allies) seseeda: gold plz
(16:37 / Allies) xpert589: got none
(16:38 / Allies) xpert589: : /
(17:12 / Allies) xpert589: red
(17:13 / Allies) xpert589: gold plz
(17:14 / Allies) xpert589: ill repay
(17:18 / Allies) xpert589: when ur main done
(17:35 / All) xpert589: twf
(18:27 / Allies) xpert589: time to hit
(18:27 / Allies) xpert589: brt
(18:35 / Allies) TruSt): i like this rebuke guy
(19:12 / All) Pete_Tong: this is a fucking joke
(19:19 / Allies) xpert589: |lol
(19:20 / All) xpert589: LOL
(19:44 / All) RichardNixon187: l8
(19:47 / All) xpert589: ROFl
(19:51 / All) Craptice: gg gay shit
(19:52 / Allies) seseeda: ㅋㅋ
(19:54 / All) Pete_Tong: gj 4v3
(19:55 / All) RichardNixon187: please whisper blue and tell him hes a faggot
(19:59 / All) xpert589: wow
(20:00 / All) xpert589: sad
(20:45 / Allies) xpert589: got pillage
(20:46 / Allies) xpert589: purp?
(22:05 / All) xpert589: leave
(22:05 / All) xpert589: noob
(22:23 / Allies) xpert589: red
(22:24 / Allies) xpert589: use gold
(22:50 / All) Rebuke[SkyNet]: hmm
(22:53 / All) Rebuke[SkyNet]: i think i overdid
(22:54 / All) Rebuke[SkyNet]: the towers
(22:59 / All) Rebuke[SkyNet]: nah its fine
(23:01 / Allies) xpert589: wtf?
(23:04 / Allies) xpert589: u tower rushed orange?
(23:08 / Allies) xpert589: i never even looked bot all game
(23:09 / All) Rebuke[SkyNet]: ?
(23:11 / All) Rebuke[SkyNet]: hah
(23:13 / Allies) xpert589: i had to fight 1v2 top
(23:15 / Allies) xpert589: all game...
(23:19 / All) Rebuke[SkyNet]: nah i just been towering
(23:26 / Allies) xpert589: why
(23:29 / All) Rebuke[SkyNet]: im human
(23:33 / Allies) xpert589: lol
(23:34 / Allies) xpert589: true
(23:34 / All) Rebuke[SkyNet]: humans make mistakes
(23:38 / All) Rebuke[SkyNet]: xD